 Dungeon Crawl Stone Soup version 0.28.0-43-g3370ac3207 (webtiles) character file.

Game seed: 5457815165934980813

30 styxcanada the Sneak (level 3, -3/18 HPs)
             Began as a Spriggan Brigand on Mar 10, 2022.
             Slain by a gnoll
             ... wielding a +0 whip
              (8 damage)
             ... on level 2 of the Dungeon.
             The game lasted 00:04:45 (1345 turns).

styxcanada the Sneak (Spriggan Brigand)             Turns: 1345, Time: 00:04:45

Health: -3/18      AC:  3    Str:  7    XL:     3   Next: 3%
Magic:  4/4        EV: 17    Int: 12    God:
Gold:   47         SH:  0    Dex: 18    Spells: 2/2 levels left

rFire   . . .      SeeInvis +   a - +2 dagger
rCold   . . .      Faith    .   (no shield)
rNeg    . . .      Spirit   .   b - +0 robe
rPois   .          Reflect  .   (helmet restricted)
rElec   .          Harm     .   c - +0 cloak
rCorr   .          Rampage  .   (gloves unavailable)
Will    +....                   (boots unavailable)
Stlth   ++++......              (no amulet)
HPRegen 0.06/turn               g - ring of willpower
MPRegen 0.09/turn               (no ring)

@: very quick
A: very small, no large weapons, unfitting armour, see invisible, speed 3
a: no special abilities


You were on level 2 of the Dungeon.
You visited 1 branch of the dungeon, and saw 2 of its levels.

You collected 47 gold pieces.

Inventory:

Hand Weapons
 a - a +2 dagger (weapon)
 n - a +2 whip of electrocution
Missiles
 d - 3 poisoned darts (quivered)
 e - 2 curare-tipped darts
 f - 64 stones
 i - 20 sling bullets
Armour
 b - a +0 robe (worn)
 c - a +0 cloak (worn)
Jewellery
 g - a ring of willpower (left hand)
Scrolls
 h - a scroll of enchant armour {unknown}
 j - a scroll of identify {unknown}
 m - a scroll of amnesia {unknown}
Potions
 k - 2 potions of brilliance {unknown}
 l - a potion of invisibility {unknown}


   Skills:
 * Level 1.7 Fighting
 + Level 2.4 Short Blades
 + Level 2.2 Throwing
 * Level 1.9 Dodging
 * Level 6.8 Stealth


You had 2 spell levels left.
You didn't know any spells.
Your spell library was empty.

Dungeon Overview and Level Annotations

Branches:
Dungeon (2/15)

Altars:


Innate Abilities, Weirdness & Mutations

You are very small and have problems with some larger weapons.
You are too small for most types of armour.
You have supernaturally acute eyesight. (SInv)
You cover ground extremely quickly. (Speed+++)


Message History

The gnoll looks as sick as possible!
The gnoll is almost dead.
You kill the gnoll!
You have reached level 3!
Your experience leads to an increase in your attributes!
Increase (S)trength, (I)ntelligence, or (D)exterity?
You feel agile. x2
Throw: 6 darts (poison)
Press: ? - help, Q - select action, (/) - cycle Shift-Dir - straight line, f - gnoll
Aim: a gnoll, wielding a +0 whip (65% to hit)
You throw a poisoned dart.
The poisoned dart barely misses the gnoll.
Throw: 5 darts (poison)
Press: ? - help, Q - select action, (/) - cycle Shift-Dir - straight line, f/p - gnoll
Aim: a gnoll, wielding a +0 whip (65% to hit)
You throw a poisoned dart. The poisoned dart hits the gnoll.
The gnoll is poisoned.
Throw: 4 darts (poison)
Press: ? - help, Q - select action, (/) - cycle Shift-Dir - straight line, f/p - gnoll
Aim: a gnoll, wielding a +0 whip (poisoned, 65% to hit)
You throw a poisoned dart. The poisoned dart hits the gnoll.
The gnoll looks even sicker.
You hit the gnoll but do no damage. Your punch misses the gnoll.
The gnoll is lightly wounded.
The gnoll hits you with a +0 whip.
You hit the gnoll.
The gnoll is heavily wounded.
The gnoll hits you with a +0 whip.
You hit the gnoll.
The gnoll is severely wounded.
The gnoll closely misses you.
You hit the gnoll.
The gnoll is almost dead.
The endoplasm jiggles.
The gnoll hits you with a +0 whip.
* * * LOW HITPOINT WARNING * * *
You hit the gnoll but do no damage.
The gnoll is almost dead.
The gnoll hits you with a +0 whip!
You die...

[...... .......
..#....... .......
......... ......<
#........ .......
#........ .......
#........
......(######
#........
#.@gJ)(#####.......
######(...(..(....(
###......#<#.#
##.....>....
#.....#....#.
..............
####...#.?..#.
#...##.....
#..>.......


You could see a gnoll (very poisoned) and an endoplasm.

Vanquished Creatures
  A gnoll (D:2)
  A worm (D:1)
  A ball python (D:1)
  2 endoplasms (D:1)
  A goblin (D:1)
  2 quokkas (D:1)
  A bat (D:1)
  3 frilled lizards (D:1)
  4 kobolds (D:1)
  4 rats (D:1)
20 creatures vanquished.

Notes
Turn   | Place    | Note
-------+----------+-------------------------------------------
     0 | D:1      | styxcanada the Spriggan Brigand began the quest for the
                  | Orb.
     0 | D:1      | Reached XP level 1. HP: 10/10 MP: 2/2
   320 | D:1      | Reached skill level 6 in Stealth
   438 | D:1      | Reached XP level 2. HP: 15/15 MP: 3/3
  1338 | D:2      | Reached XP level 3. HP: 18/18 MP: 4/4
  1345 | D:2      | Slain by a gnoll

Illustrated notes

Levels and vault maps discovered:
D:1:      evilmike_arrival_rings, layout_basic, interstate_on_off,
          minmay_circled_x
D:2:      layout_rooms, hellmonk_ecumenical_altar_defaced_shrine,
          minmay_increasing_density

Skill      XL: |  1 |
---------------+----+-----
Stealth        | 6 |  6.8
Fighting       | |  1.7
Short Blades   | |  2.4
Throwing       | |  2.2
Dodging        | |  1.9

Action                   || total
-------------------------++-------
Melee: Dagger            ||    39
Throw: Dart              ||    20
 Stab: Sleeping          ||     9
Armor: Robe              ||     3
Dodge: Dodged            ||    12
